 Dungeon Crawl Stone Soup version 0.30-a0-715-gdb4ae3ece1 (webtiles) character file.

Game seed: 1502956819845006707

1 cforsyth the Caller (level 1, 0/13 HPs)
             Began as a Demonspawn Summoner on Jan 25, 2023.
             Succumbed to a hobgoblin's poison
             ... on level 1 of the Dungeon.
             The game lasted 00:00:09 (98 turns).

cforsyth the Caller (Demonspawn Summoner)             Turns: 98, Time: 00:00:10

Health: 0/13       AC:  2    Str:  8    XL:     1   Next: 16%
Magic:  0/3        EV: 12    Int: 16    God:
Gold:   0          SH:  0    Dex: 13    Spells: 3/4 levels left

rFire   . . .      SeeInvis .    (no weapon)
rCold   . . .      Faith    .    (no shield)
rNeg    . . .      Spirit   .    a - +0 robe
rPois   .          Reflect  .    (no helmet)
rElec   .          Harm     .    (no cloak)
rCorr   .          Rampage  .    (no gloves)
Will    .....                    (no boots)
Stlth   ++                       (no amulet)
HPRegen 0.22/turn                (no ring)
MPRegen 0.08/turn                (no ring)

@: lethally poisoned (0 -> -7)
A: no striking features
a: no special abilities


You were on level 1 of the Dungeon.
You visited 1 branch of the dungeon, and saw 1 of its levels.

Inventory:

Armour
 a - a +0 robe (worn)
Potions
 b - a potion of magic


   Skills:
 - Level 1.7 Dodging
 - Level 1.7 Stealth
 + Level 2.0 Spellcasting
 + Level 4.0 Summonings


You had 3 spell levels left.
You knew the following spells:

 Your Spells              Type           Power      Damage    Failure   Level
a - Summon Small Mammal   Summ           56%        N/A       4%          1

Your spell library contained the following spells:

 Spells                   Type           Power      Damage    Failure   Level
 Call Imp                 Summ           14%        N/A       6%          2
 Call Canine Familiar     Summ           14%        N/A       12%         3
 Summon Guardian Golem    Hex/Summ       8%         N/A       26%         3
 Summon Lightning Spire   Summ/Air       8%         N/A       65%         4


Dungeon Overview and Level Annotations

Branches:
Dungeon (1/15)

Altars:


Message History

Your bat hits the kobold but does no damage.
Your bat misses the kobold. Your bat hits the kobold.
The kobold misses your bat.
Your bat closely misses the kobold.
Your bat barely misses the kobold.
Your bat closely misses the kobold.
The kobold hits your bat with a +0 short sword.
Your bat dies!
Your bat's corpse disappears in a puff of smoke!
Your magical contamination has completely faded away.
Your rat completely misses the kobold.
Your rat bites the kobold.
The kobold dies!
A rat comes into view.
Your rat bites the hobgoblin.
The hobgoblin throws a poisoned dart.
The poisoned dart closely misses your rat.
The poisoned dart hits you!
You are poisoned.
Your rat bites the hobgoblin but does no damage.
You are out of magic!
You feel sick. The hobgoblin hits your rat.
Your rat dies!
Your rat's corpse disappears in a puff of smoke!
You feel sick.
You feel sick.
You feel sick.
You feel sick.
You feel sick.
The hobgoblin throws a poisoned dart.
The poisoned dart hits you!
You are lethally poisoned!
You are out of magic!
You feel very sick.
The hobgoblin throws a poisoned dart.
The poisoned dart barely misses you. The poisoned dart hits your quokka.
Your quokka is poisoned.
You swap places.
* * * LOW HITPOINT WARNING * * *
You feel sick.
Unknown command.
You die...

#.#.#.#...#.###
#.#.#.#####.#.####
#.#.#.[.....#....#
#.#.#.#######.##.#
..............##.#
###########.#.##.#
#...#.##.#
#.#.#.##.#########
#.#.#.##@..r.gr..#
# #.#.##########.#
#.#.# #ยง# ###.#
#g# #.# #r# #.#
#.# #.# ..#


You could see a hobgoblin (ally target), a rat and a friendly quokka (summoned,
poisoned).

Vanquished Creatures (collateral kills)
  A kobold (D:1)
1 creature vanquished.

Notes
Turn   | Place    | Note
-------+----------+-------------------------------------------
     0 | D:1      | cforsyth the Demonspawn Summoner began the quest for the
                  | Orb.
     0 | D:1      | Reached XP level 1. HP: 13/13 MP: 3/3
    98 | D:1      | Succumbed to a hobgoblin's poison

Illustrated notes

Levels and vault maps discovered:
D:1:      matt_arrival_spirals, layout_loops_ring

Action                     || total
---------------------------++-------
   Cast: Summon Small Mamm ||     3
  Dodge: Dodged            ||     3

Table legend: (Time is in decaauts)
 A = Elapsed time spent in this place.
 B = Non-inter-level travel time spent in this place.
 C = Inter-level travel time spent in this place.
 D = Time resting spent in this place.
 E = Time spent auto-exploring this place.
 F = Levels seen in this place.
 G = Mean time per level.
                   A        B        C        D        E       F      G
               +--------+--------+--------+--------+--------+-----+--------+
         Total |     98 |     98 |      0 |      0 |     76 |   1 |   98.0 |
       Dungeon |     98 |     98 |      0 |      0 |     76 |   1 |   98.0 |
               +--------+--------+--------+--------+--------+-----+--------+

Top non-repeatable levels by time:
     D:1: 98 daAuts
